 Dungeon Crawl Stone Soup version 0.24-a0-165-g1b465fe (webtiles) character file.

Game seed: 16936201187612722246

520 MatthieuS the Magician (level 7, -6/41 HPs)
             Began as a Deep Elf Wanderer on Mar 6, 2019.
             Killed by divine providence
             ... invoked by an orc priest
              (12 damage)
             ... on level 4 of the Dungeon.
             The game lasted 00:10:02 (3709 turns).

MatthieuS the Magician (Deep Elf Wanderer)          Turns: 3709, Time: 00:10:03

Health: -6/41      AC:  4    Str:  9    XL:     7   Next: 1%
Magic:  17/18      EV: 15    Int: 18    God:
Gold:   192        SH:  4    Dex: 15    Spells: 9/18 levels left

rFire    . . .     SeeInvis .   g - +2 spear (pierce)
rCold    . . .     Gourm    .   k - +0 buckler
rNeg     . . .     Faith    .   d - +0 robe
rPois    .         Spirit   .   r - +1 helmet
rElec    .         Reflect  .   (no cloak)
rCorr    .         Harm     .   (no gloves)
MR       +....                  (no boots)
Stlth    +.........             m - amulet of regeneration
HPRegen  0.53/turn              l - ring of protection from magic
MPRegen  0.16/turn              x - +4 ring of evasion

@: lethally poisoned (-6 -> -7)
A: no striking features
a: no special abilities


You were on level 4 of the Dungeon.
You were hungry.

You visited 1 branch of the dungeon, and saw 4 of its levels.

You collected 192 gold pieces.

Inventory:

Hand Weapons
 g - a +2 spear of piercing (weapon)
   (You found it on level 1 of the Dungeon)
 i - a +0 short sword of flaming
   (You took it off a kobold on level 1 of the Dungeon)
Armour
 d - a +0 robe (worn)
 k - a +0 buckler (worn)
   (You found it on level 4 of the Dungeon)
 o - a +0 scale mail
   (You found it on level 1 of the Dungeon)
 r - a +1 helmet (worn)
   (You found it on level 1 of the Dungeon)
Jewellery
 l - a ring of protection from magic (left hand)
   (You found it on level 1 of the Dungeon)
 m - an amulet of regeneration (around neck)
   (You found it on level 1 of the Dungeon)
 x - a +4 ring of evasion (right hand)
   (You found it on level 3 of the Dungeon)
Scrolls
 b - a scroll of teleportation {@r4}
 f - 2 scrolls of fog
 h - 2 scrolls of immolation {!r}
 j - a scroll of remove curse {@r2}
Potions
 a - 2 potions of heal wounds {@q2}
 c - a potion of lignification {!q}
 n - 2 potions of flight {unknown}
 p - a potion of mutation {unknown}
 s - a potion of invisibility {unknown}
 u - a potion of might {unknown}
 v - a potion of haste {unknown}
 w - 2 potions of curing {unknown}
 z - a potion of resistance {unknown}
Comestibles
 e - 6 rations
 q - 5 chunks of flesh


   Skills:
 - Level 3.2 Fighting
 - Level 2.0 Short Blades
   Level 1.0 Staves
 - Level 1.0 Throwing
 - Level 1.2 Dodging
 + Level 1.4 Shields
 + Level 6.2 Spellcasting
 + Level 2.6 Conjurations
 - Level 1.2 Translocations
 + Level 2.4 Fire Magic
 + Level 1.9 Air Magic
 + Level 2.1 Poison Magic
   Level 1.1 Evocations


You had 9 spell levels left.
You knew the following spells:

 Your Spells              Type           Power        Failure   Level  Hunger
a - Magic Dart            Conj           ##..         5%          1    None
b - Blink                 Tloc           N/A          14%         2    None
c - Mephitic Cloud        Conj/Pois/Air  ##......     19%         3    ##.....
d - Conjure Flame         Conj/Fire      ##......     17%         3    ##.....

Your spell library contained the following spells:

 Spells                   Type           Power        Failure   Level  Hunger
 Call Imp                 Summ           #.......     24%         2    None
 Slow                     Hex            #.......     24%         2    None


Dungeon Overview and Level Annotations

Branches:
Dungeon (4/15)
 Temple: D:4-7

Altars:
Fedhas


Message History

The orc priest mumbles some strange prayers to Beogh against you.
You easily resist.
The gnoll misses you.
You hit the orc priest.
You feel sick. The orc priest misses you. You block the gnoll's attack.
You hit the orc priest but do no damage.
The orc priest looks satisfied for a moment.
The gnoll hits you from afar with a +0 spear.
You completely miss the orc priest.
You feel sick. The orc priest closely misses you. You block the gnoll's attack.
You barely miss the orc priest.
You feel sick.
The orc priest hits you with a +0 whip of venom.
You are more poisoned.
The gnoll barely misses you.
You hit the orc priest.
You feel sick. The orc priest misses you. You block the gnoll's attack.
The orc priest closely misses you.
You barely miss the orc priest.
You feel sick. The gnoll completely misses you.
The orc priest barely misses you.
You hit the orc priest but do no damage.
You feel sick. The gnoll closely misses you.
The orc priest hits you with a +0 whip of venom.
You barely miss the orc priest.
You feel sick. The gnoll closely misses you. The orc priest misses you.
The gnoll hits you from afar with a +0 spear.
* * * LOW HITPOINT WARNING * * *
You barely miss the orc priest.
You feel sick. The orc priest misses you.
The gnoll hits you but does no damage.
Unknown command.
You feel sick.
The orc throws a tomahawk.
The tomahawk misses you.
The tomahawk barely misses the orc priest.
The orc priest hits you with a +0 whip of venom!
* * * LOW HITPOINT WARNING * * *
You are feeling hungry.
You hit the orc priest but do no damage.
You feel sick.
The orc priest hits you with a +0 whip of venom.
* * * LOW HITPOINT WARNING * * *
You are more poisoned.
The gnoll closely misses you. The orc misses you.
You blink.
You feel sick.
You feel sick.
You feel sick.
You feel sick.
You feel sick.
You feel sick.
You feel sick.
You feel sick.
You feel sick.
The orc priest calls down the wrath of Beogh upon you.
Beogh smites you!
You die...

######## #......#
#.####.#####
#########.####.##..)
#..@...g.o..##.##.##
###.#######.#.##.##(##
#..<...# #.......oo§(
#.#.##.# #########.##
#.#.##.# #.## #....#.#
#..( #.#..#.# ########
#### #.##.#.#
#......###### #......#
#........(.Z(


You could see an orc priest and a gnoll.

Vanquished Creatures
  A hippogriff (D:3)
  A phantom (D:4)
  A hound (D:4)
  A centaur skeleton (D:4)
  An orc priest (D:3)
  4 adders
  3 gnolls (D:4)
  An ooze (D:3)
  A worm (D:3)
  4 dart slugs
  2 leopard geckos
  9 orcs
  4 giant cockroaches
  8 goblins
  3 hobgoblins (D:1)
  11 kobolds
  2 quokkas
  A ball python (D:3)
  5 bats
  8 frilled lizards
  A quokka skeleton (D:4)
  9 rats
81 creatures vanquished.

Notes
Turn   | Place    | Note
-------+----------+-------------------------------------------
     0 | D:1      | MatthieuS the Deep Elf Wanderer began the quest for the
                  | Orb.
     0 | D:1      | MatthieuS set off with the following items: a +2 short
                  | sword, a scroll of teleportation {@r4}, a potion of
                  | lignification {!q}, a +0 robe, a ration
     0 | D:1      | Reached XP level 1. HP: 14/14 MP: 3/3
    39 | D:1      | Reached skill level 1 in Spellcasting
   238 | D:1      | Reached skill level 2 in Spellcasting
   252 | D:1      | Reached XP level 2. HP: 9/19 MP: 7/7
   747 | D:1      | Reached skill level 3 in Spellcasting
  1159 | D:1      | Reached XP level 3. HP: 19/23 MP: 10/10
  1433 | D:2      | Found a blossoming altar of Fedhas.
  1544 | D:2      | Reached skill level 4 in Spellcasting
  2318 | D:3      | Reached XP level 4. HP: 28/28 MP: 12/12
  2334 | D:3      | Learned a level 1 spell: Magic Dart
  2337 | D:3      | Learned a level 2 spell: Blink
  2341 | D:3      | Learned a level 3 spell: Conjure Flame
  2401 | D:3      | Reached skill level 5 in Spellcasting
  2472 | D:3      | Reached skill level 1 in Conjurations
  2472 | D:3      | Reached skill level 1 in Translocations
  2472 | D:3      | Reached skill level 1 in Fire Magic
  3037 | D:3      | Reached XP level 5. HP: 31/32 MP: 14/14
  3045 | D:3      | Learned a level 3 spell: Mephitic Cloud
  3297 | D:4      | Noticed a hippogriff
  3364 | D:3      | Killed a hippogriff
  3364 | D:3      | Reached skill level 1 in Shields
  3364 | D:3      | Reached skill level 1 in Air Magic
  3364 | D:3      | Reached skill level 1 in Poison Magic
  3364 | D:3      | Reached XP level 6. HP: 26/37 MP: 7/16
  3472 | D:4      | Reached skill level 6 in Spellcasting
  3620 | D:4      | Reached XP level 7. HP: 31/41 MP: 14/18
  3709 | D:4      | Killed from afar by an orc priest

Levels and vault maps discovered:
D:1:      noname_arrival_rooms_in_the_neighbourhood, layout_basic,
          chequers_serial_rivers_micro_c, minmay_tromino_mix6
D:2:      layout_basic, dk_noncrumbling_3, fedhas_altar_1
D:3:      layout_basic
D:4:      layout_loops_cross, uniq_robin

Skill      XL: |  1  2  3  4  5  6 |
---------------+-------------------+-----
Spellcasting   | 2 3 4 5 6 |  6.2
Conjurations   | 1 2 |  2.6
Translocations | 1 |  1.2
Fire Magic     | 1 2 |  2.4
Shields        | 1 |  1.4
Air Magic      | 1 |  1.9
Poison Magic   | 1 2 |  2.1
Fighting       | |  3.2
Short Blades   | |  2.0
Staves         | |  1.0
Throwing       | |  1.0
Dodging        | |  1.2
Evocations     | |  1.1

Action                   |  1- 3 |  4- 6 |  7- 9 || total
-------------------------+-------+-------+-------++-------
Melee: Spear             |   139 |   111 |    18 ||   268
 Cast: Magic Dart        |       |    29 |       ||    29
       Conjure Flame     |       |     4 |       ||     4
       Blink             |       |     2 |     1 ||     3
       Mephitic Cloud    |       |       |     1 ||     1
  Use: Potion            |     1 |       |       ||     1
       Scroll            |       |     7 |       ||     7
 Stab: Sleeping          |     2 |     3 |       ||     5
       Distracted        |       |     1 |       ||     1
  Eat: Chunk             |     4 |     5 |       ||     9
Armor: Robe              |     6 |     8 |     1 ||    15
       Scale mail        |    34 |       |       ||    34
Dodge: Dodged            |    54 |    73 |    22 ||   149
Block: Buckler           |       |    15 |     6 ||    21

Table legend:
 A = Non-vault XP
 B = Vault XP
 C = Vault XP percentage of total XP
 D = Non-vault monster count
 E = Vault monster count
 F = Vault count percentage of total count
                 A         B        C        D         E       F
            +---------+---------+-------+---------+---------+-------
      Total |     738 |       5 |   0.7 |      78 |       3 |   3.7
            +---------+---------+-------+---------+---------+-------
        D:1 |      41 |       5 |  10.9 |      25 |       3 |  10.7
        D:2 |      48 |       0 |   0.0 |      14 |       0 |   0.0
        D:3 |     363 |       0 |   0.0 |      22 |       0 |   0.0
        D:4 |     286 |       0 |   0.0 |      17 |       0 |   0.0
            +---------+---------+-------+---------+---------+-------
